TOP OF THE 1ST |
Las Vegas Flamingos batting - Pitching for Capital District Red Knights : RHP Britt Yates
|
Pitching: RHP Britt Yates
|
|
Batting: RHB Sake van Arem
|
0-0: Foul Ball, location: 2F 0-1: Called Strike 0-2: Ground out 6-3 (Groundball, 6M)
|
Batting: RHB Ángel López
|
0-0: SOLO HOME RUN (Flyball, 7D), Distance : 340 ft
|
Batting: LHB Victor Adams
|
0-0: Foul Ball, location: 2F 0-1: Ground out 4-3 (Groundball, 4)
|
Batting: RHB Jeff Young
|
0-0: Fly out, F8 (Flyball, 8LM)
|
Top of the 1st over - 1 run(s), 1 hit(s), 0 error(s), 0 left on base; Las Vegas 1 - Capital District 0 |
BOTTOM OF THE 1ST |
Capital District Red Knights batting - Pitching for Las Vegas Flamingos : LHP Shunen Takahashi
|
Pitching: LHP Shunen Takahashi
|
|
Batting: RHB Shawn Hicks
|
0-0: Ball 1-0: SINGLE (Flyball, 6MD)
|
Batting: LHB Leonardo López
|
0-0: Ball 1-0: Ball 2-0: Called Strike 2-1: Foul Ball, location: 2F 2-2: Ball 3-2: Strikes out swinging
|
Batting: RHB Tom Christensen
|
0-0: Foul Ball, location: 2F 0-1: Ball 1-1: DOUBLE (Line Drive, 78XD) Shawn Hicks to third Runner from 3rd tries for Home, SAFE, no throw or cutoff
|
Batting: RHB Louis Henderson
|
0-0: Ball 1-0: SINGLE (Flyball, 89S) Tom Christensen to third Runner from 3rd tries for Home, SAFE, throw made home Louis Henderson to second
|
Batting: RHB Barry Dempsey
|
0-0: Ball 1-0: Ball 2-0: Called Strike 2-1: Called Strike 2-2: Ground out 6-3 (Groundball, 6)
|
Batting: RHB Manny Carbajal
|
0-0: Called Strike 0-1: Swinging Strike 0-2: Ball 1-2: Ball 2-2: Strikes out looking
|
Bottom of the 1st over - 2 run(s), 3 hit(s), 0 error(s), 1 left on base; Las Vegas 1 - Capital District 2 |
TOP OF THE 2ND |
Las Vegas Flamingos batting - Pitching for Capital District Red Knights : RHP Britt Yates
|
Batting: LHB Chris McKinney
|
0-0: Called Strike 0-1: Foul Ball, location: 2F 0-2: Fly out, F9 (Flyball, 89M)
|
Batting: LHB Takahiro Harada
|
0-0: Called Strike 0-1: DOUBLE (Line Drive, 89D)
|
Batting: RHB Steven Talley
|
0-0: Called Strike 0-1: Swinging Strike 0-2: Ball 1-2: Ball 2-2: Ball 3-2: Base on Balls
|
Batting: RHB Terry Sylvester
|
0-0: Called Strike 0-1: Ball 1-1: Ball 2-1: Ball 3-1: Base on Balls Takahiro Harada to third Steven Talley to second
|
Batting: RHB Pablo Lugo
|
0-0: Swinging Strike 0-1: Foul Ball, location: 2F 0-2: Ball 1-2: Ball 2-2: Ball 3-2: Base on Balls Takahiro Harada scores Steven Talley to third Terry Sylvester to second
|
Batting: RHB Sake van Arem
|
0-0: Called Strike 0-1: Ball 1-1: Ball 2-1: Ball 3-1: SINGLE (Line Drive, 6D) Steven Talley scores Terry Sylvester to third Pablo Lugo to second
|
Batting: RHB Ángel López
|
0-0: Called Strike 0-1: Foul Ball, location: 2F 0-2: Strikes out swinging
|
Batting: LHB Victor Adams
|
0-0: Fly out, F3 (Popup, 34)
|
Top of the 2nd over - 2 run(s), 2 hit(s), 0 error(s), 3 left on base; Las Vegas 3 - Capital District 2 |
BOTTOM OF THE 2ND |
Capital District Red Knights batting - Pitching for Las Vegas Flamingos : LHP Shunen Takahashi
|
Batting: LHB Arturo Hernández
|
0-0: Ball 1-0: Ball 2-0: Swinging Strike 2-1: Called Strike 2-2: Ball 3-2: Foul Ball, location: 2F 3-2: Foul Ball, location: 2F 3-2: Foul Ball, location: 2F 3-2: Base on Balls
|
Batting: RHB Martin Young
|
0-0: Ball 1-0: Ground out 6-3 (Groundball, 6S) Arturo Hernández to second
|
Batting: LHB Arturo Acosta
|
0-0: Called Strike 0-1: Hit by Pitch
|
Batting: RHB Shawn Hicks
|
0-0: Called Strike Arturo Hernández steals 3rd base Arturo Acosta to second 0-1: SINGLE (Groundball, 13) (infield hit) Arturo Hernández scores Arturo Acosta to third
|
Batting: LHB Leonardo López
|
0-0: Called Strike 0-1: SINGLE (Line Drive, 7S) Arturo Acosta scores Shawn Hicks to second
|
Batting: RHB Tom Christensen
|
0-0: Fly out, F8 (Popup, 78M)
|
Batting: RHB Louis Henderson
|
0-0: Ball 1-0: Foul Ball, location: 2F 1-1: Called Strike 1-2: Ground out 5-3 (Groundball, 5)
|
Bottom of the 2nd over - 2 run(s), 2 hit(s), 0 error(s), 2 left on base; Las Vegas 3 - Capital District 4 |
TOP OF THE 3RD |
Las Vegas Flamingos batting - Pitching for Capital District Red Knights : RHP Britt Yates
|
Batting: RHB Jeff Young
|
0-0: Ball 1-0: Fly out, F3 (Popup, 3)
|
Batting: LHB Chris McKinney
|
0-0: Called Strike 0-1: Fly out, F8 (Flyball, 8RM)
|
Batting: LHB Takahiro Harada
|
0-0: Called Strike 0-1: Fly out, F7 (Flyball, 7M)
|
Top of the 3rd over - 0 run(s), 0 hit(s), 0 error(s), 0 left on base; Las Vegas 3 - Capital District 4 |
BOTTOM OF THE 3RD |
Capital District Red Knights batting - Pitching for Las Vegas Flamingos : LHP Shunen Takahashi
|
Batting: RHB Barry Dempsey
|
0-0: Ball 1-0: Called Strike 1-1: Swinging Strike 1-2: Fly out, F9 (Flyball, 9M)
|
Batting: RHB Manny Carbajal
|
0-0: Ball 1-0: Foul Ball, location: 2F 1-1: Called Strike 1-2: Ground out 6-3 (Groundball, 6)
|
Batting: LHB Arturo Hernández
|
0-0: Fly out, F8 (Flyball, 8LM)
|
Bottom of the 3rd over - 0 run(s), 0 hit(s), 0 error(s), 0 left on base; Las Vegas 3 - Capital District 4 |
TOP OF THE 4TH |
Las Vegas Flamingos batting - Pitching for Capital District Red Knights : RHP Britt Yates
|
Batting: RHB Steven Talley
|
0-0: Ball 1-0: Ball 2-0: Called Strike 2-1: Foul Ball, location: 2F 2-2: Foul Ball, location: 2F 2-2: Foul Ball, location: 2F 2-2: Fly out, F6 (Popup, 6)
|
Batting: RHB Terry Sylvester
|
0-0: Fly out, F7 (Line Drive, 7S)
|
Batting: RHB Pablo Lugo
|
0-0: Ball 1-0: Foul Ball, location: 2F 1-1: Fly out, F9 (Popup, 3D)
|
Top of the 4th over - 0 run(s), 0 hit(s), 0 error(s), 0 left on base; Las Vegas 3 - Capital District 4 |
BOTTOM OF THE 4TH |
Capital District Red Knights batting - Pitching for Las Vegas Flamingos : LHP Shunen Takahashi
|
Batting: RHB Martin Young
|
0-0: Called Strike 0-1: Ball 1-1: Ball 2-1: SINGLE (Line Drive, 56D)
|
Batting: LHB Arturo Acosta
|
0-0: Called Strike 0-1: Fielders Choice at 2nd, 3-6 (Groundball, 3)
|
Batting: RHB Shawn Hicks
|
0-0: Swinging Strike 0-1: Ball 1-1: SINGLE (Groundball, 3S) Arturo Acosta to second Runner from 2nd tries for 3rd, SAFE, throw made to third
|
Batting: LHB Leonardo López
|
0-0: Foul Ball, location: 2F 0-1: Ball 1-1: Fielders Choice at 2nd, 2-6 (Groundball, 2L)
|
Batting: RHB Tom Christensen
|
Pickoff Throw to First - Out!
|
Bottom of the 4th over - 0 run(s), 2 hit(s), 0 error(s), 0 left on base; Las Vegas 3 - Capital District 4 |
TOP OF THE 5TH |
Las Vegas Flamingos batting - Pitching for Capital District Red Knights : RHP Britt Yates
|
Batting: RHB Sake van Arem
|
0-0: Ball 1-0: Foul Ball, location: 2F 1-1: SINGLE (Line Drive, 6MD)
|
Batting: RHB Ángel López
|
0-0: Sac Bunt - play at first, batter OUT! 2-3 Sake van Arem to second
|
Batting: LHB Victor Adams
|
0-0: Ball Sake van Arem steals 3rd base 1-0: Fly out, F8 (Flyball, 8LM) Runner from 3rd tags up, SCORES, no throw
|
Batting: RHB Jeff Young
|
0-0: Foul Ball, location: 2F 0-1: Ball 1-1: Ball 2-1: Ball 3-1: Base on Balls
|
Batting: LHB Chris McKinney
|
0-0: Ball 1-0: Fly out, F7 (Flyball, 78S)
|
Top of the 5th over - 1 run(s), 1 hit(s), 0 error(s), 1 left on base; Las Vegas 4 - Capital District 4 |
BOTTOM OF THE 5TH |
Capital District Red Knights batting - Pitching for Las Vegas Flamingos : LHP Shunen Takahashi
|
Batting: RHB Tom Christensen
|
0-0: Ball 1-0: SINGLE (Line Drive, 7LS)
|
Batting: RHB Louis Henderson
|
0-0: Ball 1-0: Called Strike 1-1: Ball 2-1: Foul Ball, location: 2F 2-2: Foul Ball, location: 2F 2-2: SINGLE (Groundball, 56D) Tom Christensen to second
|
Batting: RHB Barry Dempsey
|
0-0: Ball 1-0: Fly out, F8 (Flyball, 8RXD) Runner from 2nd tags up, SAFE at 3rd, no throw
|
Batting: RHB Manny Carbajal
|
0-0: Ball 1-0: Swinging Strike 1-1: Ball 2-1: Ball Wild Pitch! Tom Christensen scores Louis Henderson to second 3-1: Called Strike 3-2: Foul Ball, location: 2F 3-2: Foul Ball, location: 2F 3-2: SINGLE (Groundball, 56D) Louis Henderson to third Runner from 3rd tries for Home, SAFE, throw made home Manny Carbajal to second
|
Pitching: RHP Ron Yarbrough
|
|
Batting: LHB Arturo Hernández
|
0-0: Called Strike 0-1: Ball 1-1: Ball 2-1: Ball 3-1: Fly out, F4 (Line Drive, 4)
|
Batting: RHB Martin Young
|
0-0: Ball 1-0: Swinging Strike 1-1: Foul Ball, location: 2F 1-2: Foul Ball, location: 2F 1-2: Ball 2-2: Foul Ball, location: 2F 2-2: Ground out 2-3 (Groundball, 25)
|
Bottom of the 5th over - 2 run(s), 3 hit(s), 0 error(s), 1 left on base; Las Vegas 4 - Capital District 6 |
TOP OF THE 6TH |
Las Vegas Flamingos batting - Pitching for Capital District Red Knights : RHP Britt Yates
|
Batting: LHB Takahiro Harada
|
0-0: Ball 1-0: Ball 2-0: Ball 3-0: Base on Balls
|
Batting: RHB Steven Talley
|
0-0: Called Strike 0-1: Ball 1-1: Grounds into double play, 4-6-3 (Groundball, 4)
|
Batting: RHB Terry Sylvester
|
0-0: Fly out, F8 (Flyball, 89M)
|
Top of the 6th over - 0 run(s), 0 hit(s), 0 error(s), 0 left on base; Las Vegas 4 - Capital District 6 |
BOTTOM OF THE 6TH |
Capital District Red Knights batting - Pitching for Las Vegas Flamingos : RHP Ron Yarbrough
|
Batting: LHB Arturo Acosta
|
0-0: SINGLE (Groundball, 4MD)
|
Batting: RHB Shawn Hicks
|
0-0: Sac Bunt - play at second, runner OUT! 2-6
|
Batting: LHB Leonardo López
|
0-0: Called Strike 0-1: Swinging Strike 0-2: Strikes out swinging
|
Batting: RHB Tom Christensen
|
0-0: Foul Ball, location: 2F 0-1: Ball 1-1: Ball 2-1: Fly out, F9 (Flyball, 89S)
|
Bottom of the 6th over - 0 run(s), 1 hit(s), 0 error(s), 1 left on base; Las Vegas 4 - Capital District 6 |
TOP OF THE 7TH |
Las Vegas Flamingos batting - Pitching for Capital District Red Knights : RHP Britt Yates
|
Batting: RHB Pablo Lugo
|
0-0: Ball 1-0: Ball 2-0: Ball 3-0: Base on Balls
|
Batting: RHB Sake van Arem
|
0-0: Ball 1-0: Ball 2-0: Fly out, F8 (Flyball, 8RS)
|
Batting: RHB Ángel López
|
0-0: Swinging Strike 0-1: Foul Ball, location: 2F 0-2: Ball Balk! Pablo Lugo to second 1-2: Foul Ball, location: 2F 1-2: Ball 2-2: Ground out 5-3 (Groundball, 5L)
|
Batting: LHB Victor Adams
|
0-0: Ball 1-0: Ball Wild Pitch! Pablo Lugo to third 2-0: Ball 3-0: Called Strike 3-1: Base on Balls
|
Batting: RHB Jeff Young
|
0-0: Ball 1-0: Foul Ball, location: 2F 1-1: Fly out, F8 (Flyball, 8LD)
|
Top of the 7th over - 0 run(s), 0 hit(s), 0 error(s), 2 left on base; Las Vegas 4 - Capital District 6 |
BOTTOM OF THE 7TH |
Capital District Red Knights batting - Pitching for Las Vegas Flamingos : RHP Ron Yarbrough
|
Batting: RHB Louis Henderson
|
0-0: Called Strike 0-1: Swinging Strike 0-2: Fly out, F8 (Flyball, 8LM)
|
Batting: RHB Barry Dempsey
|
0-0: Called Strike 0-1: Ball 1-1: SINGLE (Line Drive, 7LS)
|
Batting: RHB Manny Carbajal
|
0-0: Fly out, F7 (Flyball, 7M)
|
Batting: LHB Arturo Hernández
|
0-0: Ground out U3 (Groundball, 3S)
|
Bottom of the 7th over - 0 run(s), 1 hit(s), 0 error(s), 1 left on base; Las Vegas 4 - Capital District 6 |
TOP OF THE 8TH |
Las Vegas Flamingos batting - Pitching for Capital District Red Knights : RHP Britt Yates
|
Batting: LHB Chris McKinney
|
0-0: Called Strike 0-1: Ball 1-1: Ball 2-1: Swinging Strike 2-2: Ball 3-2: Fly out, F3 (Popup, 3S)
|
Batting: LHB Takahiro Harada
|
0-0: Ball 1-0: Ball 2-0: Ball 3-0: Base on Balls
|
Batting: RHB Steven Talley
|
0-0: Ball 1-0: Ball 2-0: SINGLE (Flyball, 89S) Takahiro Harada to second Runner from 2nd tries for 3rd, SAFE, throw made to third Steven Talley to second
|
Pinch Hitting: SHB Shojiro Kimura
|
0-0: Called Strike 0-1: Fly out, F7 (Flyball, 7M) Runner from 3rd tags up, SCORES, throw made
|
Pinch Hitting: LHB Sinclair van Kooten
|
0-0: Called Strike 0-1: Swinging Strike 0-2: Strikes out swinging
|
Top of the 8th over - 1 run(s), 1 hit(s), 0 error(s), 1 left on base; Las Vegas 5 - Capital District 6 |
BOTTOM OF THE 8TH |
Capital District Red Knights batting - Pitching for Las Vegas Flamingos : RHP Ron Yarbrough
|
Now at 1B: Ted Young
|
|
Now in RF: Sinclair van Kooten
|
|
Batting: RHB Martin Young
|
0-0: Ball 1-0: Ball 2-0: Called Strike 2-1: Fly out, F8 (Popup, 6MD)
|
Batting: LHB Arturo Acosta
|
0-0: Foul Ball, location: 2F 0-1: Ball 1-1: Ball 2-1: Foul Ball, location: 2F 2-2: Foul Ball, location: 2F 2-2: Ball 3-2: Strikes out swinging
|
Batting: RHB Shawn Hicks
|
0-0: Called Strike 0-1: Foul Ball, location: 2F 0-2: SINGLE (Groundball, 6MD)
|
Batting: LHB Leonardo López
|
0-0: Ball Shawn Hicks steals 2nd base 1-0: Ball 2-0: Ground out 3-6 (Groundball, 3)
|
Bottom of the 8th over - 0 run(s), 1 hit(s), 0 error(s), 1 left on base; Las Vegas 5 - Capital District 6 |
TOP OF THE 9TH |
Las Vegas Flamingos batting - Pitching for Capital District Red Knights : RHP Britt Yates
|
Pitching: RHP Marlon Miller
|
|
Batting: RHB Sake van Arem
|
0-0: Ball 1-0: Foul Ball, location: 2F 1-1: Foul Ball, location: 2F 1-2: Foul Ball, location: 2F 1-2: Ball 2-2: Foul Ball, location: 2F 2-2: Ground out 5-3 (Groundball, 5)
|
Batting: RHB Ángel López
|
0-0: Called Strike 0-1: Ball 1-1: Ball 2-1: Ground out 6-3 (Groundball, 6)
|
Batting: LHB Victor Adams
|
0-0: Foul Ball, location: 2F 0-1: Ball 1-1: Foul Ball, location: 2F 1-2: Ball 2-2: Ball 3-2: Base on Balls
|
Batting: RHB Jeff Young
|
0-0: Swinging Strike 0-1: Fielders Choice at 2nd, 5-4 (Groundball, 56)
|
Top of the 9th over - 0 run(s), 0 hit(s), 0 error(s), 0 left on base; Las Vegas 5 - Capital District 6 |
|